 Dungeon Crawl Stone Soup version 0.29-a0-234-g0dae59b3db (webtiles) character file.

Game seed: 14928877794500537576

9167 drugrobin the Cleaver (level 11, -6/95 HPs)
             Began as a Demigod Fighter on Mar 3, 2022.
             Mangled by an apocalypse crab (10 damage)
             ... while petrified by you
             ... on level 2 of the Abyss.
             The game lasted 00:26:15 (10501 turns).

drugrobin the Cleaver (Demigod Fighter)            Turns: 10501, Time: 00:26:15

Health: -6/95      AC: 23    Str: 29    XL:     11   Next: 0%
Magic:  4/14       EV:  2    Int: 14    God:
Gold:   627        SH:  0    Dex: 13    Spells: 10/10 levels left

rFire   x . .      SeeInvis .   a - +0 broad axe (flame)
rCold   + . .      Faith    .   c - +0 buckler
rNeg    + + +      Spirit   .   I - +0 plate armour
rPois   ∞          Reflect  .   z - +1 hat
rElec   .          Harm     .   G - +0 cloak
rCorr   .          Rampage  .   F - +0 pair of gloves "Kyitotuf" {rPois rN++ Regen+ Int+4}
Will    +....                   u - +0 pair of boots
Stlth   ..........              (no amulet)
HPRegen 1.05/turn               P - +4 ring of protection
MPRegen 0.14/turn               q - ring of ice

@: mighty, agile, petrified, invisible
A: high MP 1, forlorn, divine attributes
a: no special abilities


You were on level 2 of the Abyss.
You visited 1 branch of the dungeon, and saw 10 of its levels.
You visited the Abyss 1 time.
You also visited: Ossuary.

You collected 627 gold pieces.

Inventory:

Hand Weapons
 a - a +0 broad axe of flaming (weapon)
 b - a +0 hand axe of freezing
 o - a +0 dagger of venom
 U - a +2 hand axe of electrocution
Missiles
 n - 26 poisoned darts
 p - 6 boomerangs (quivered)
 y - 248 stones
 Z - 3 curare-tipped darts
Armour
 c - a +0 buckler (worn)
 u - a +0 pair of boots (worn)
 z - a +1 hat (worn)
 F - the +0 pair of gloves "Kyitotuf" (worn) {rPois rN++ Regen+ Int+4}
   (You found it on level 4 of the Dungeon)

   Int:       It affects your intelligence (+4).
   rPois:     It protects you from poison.
   rN:        It greatly protects you from negative energy.
   Regen:     It increases your rate of health regeneration.
 G - a +0 cloak (worn)
 I - a +0 plate armour (worn)
Magical Staves
 m - a staff of poison
Jewellery
 l - a ring of wizardry
 q - a ring of ice (right hand)
 L - a +6 ring of strength
 P - a +4 ring of protection (left hand)
Wands
 C - a wand of flame (13)
 D - a wand of paralysis (5)
 M - a wand of iceblast (8)
 N - a wand of digging (2)
 O - a wand of polymorph (5)
 Q - a wand of acid (9)
Scrolls
 e - a scroll of fear {unknown}
 g - a scroll of acquirement {unknown}
 i - 2 scrolls of blinking
 j - 2 scrolls of immolation
 k - a scroll of silence {unknown}
 s - a scroll of fog {unknown}
 t - a scroll of enchant armour {unknown}
 x - a scroll of summoning {unknown}
 B - 2 scrolls of magic mapping {unknown}
 K - 2 scrolls of teleportation
 T - a scroll of vulnerability
 X - a scroll of holy word
 Y - 2 scrolls of amnesia {unknown}
Potions
 d - 2 potions of might
 f - 2 potions of heal wounds
 h - a potion of berserk rage {unknown}
 r - a potion of cancellation {unknown}
 v - 3 potions of flight {unknown}
 w - 7 potions of curing
 A - 3 potions of haste {unknown}
 E - 2 potions of lignification {unknown}
 H - 2 potions of attraction {unknown}
 J - a potion of brilliance {unknown}
 R - a potion of degeneration {unknown}
 S - 3 potions of mutation {unknown}
 V - a potion of magic {unknown}
 W - a potion of resistance


   Skills:
 + Level 8.8 Fighting
 + Level 11.2 Axes
 + Level 8.8 Armour
 - Level 2.6 Shields


You had 10 spell levels left.
You didn't know any spells.
Your spell library contained the following spells:

 Spells                   Type           Power      Damage    Failure   Level
 Magic Dart               Conj           0%         1d3       97%         1
 Searing Ray              Conj           0%         2d4       99%         2
 Dazzling Flash           Conj/Hex       0%         N/A       100%        3
 Fulminant Prism          Conj/Hex       0%         3d6       100%        4
 Agony                    Necr           0%         N/A       100%        5
 Silence                  Hex/Air        0%         N/A       100%        5


Dungeon Overview and Level Annotations

Branches:
Dungeon (10/15)            Temple (0/1) D:7            Lair (0/6) D:8
Ossuary (visited)
    Orc: D:9-12

Annotations:
D:7 exclusion: door
D:10 Psyche


Innate Abilities, Weirdness & Mutations

You have an increased reservoir of magic. (+10% MP)
You shall have no god before yourself.
Your divine heritage dramatically boosts your attributes as you level up.


Message History

You have turned to stone.
The apocalypse crab bites you!
* * * LOW HITPOINT WARNING * * *
The apocalypse crab shocks you!
* * * LOW HITPOINT WARNING * * *
The apocalypse crab claws you but does no damage.
The apocalypse crab bites you but does no damage.
The apocalypse crab claws you.
* * * LOW HITPOINT WARNING * * *
You feel your power leaking away.
The apocalypse crab bites you but does no damage.
The apocalypse crab claws you but does no damage.
The apocalypse crab bites you.
* * * LOW HITPOINT WARNING * * *
You fade further into invisibility.
The apocalypse crab claws you but does no damage.
The apocalypse crab bites you!
* * * LOW HITPOINT WARNING * * *
The apocalypse crab shocks you!
* * * LOW HITPOINT WARNING * * *
The apocalypse crab claws you.
* * * LOW HITPOINT WARNING * * *
The apocalypse crab freezes you. You resist.
* * * LOW HITPOINT WARNING * * *
The apocalypse crab bites you but does no damage.
The apocalypse crab claws you but does no damage.
The apocalypse crab bites you!
* * * LOW HITPOINT WARNING * * *
You suddenly lose the ability to move!
The apocalypse crab claws you but does no damage.
You flicker back into view.
The apocalypse crab bites you but does no damage.
The apocalypse crab claws you but does no damage.
The apocalypse crab bites you!
* * * LOW HITPOINT WARNING * * *
You fade into invisibility!
The apocalypse crab claws you.
* * * LOW HITPOINT WARNING * * *
You are engulfed in flames!!
The fire burns you terribly!
You die...

###
##.###########
# .
.##.......# #
...... ####@#
##... .# #t#
## ##. #.# #
#.#. ... #. ..
#.# ## ## .##
#.# .. # # ...
....# ### ###
.. #


You could see an apocalypse crab (strong, agile).

Vanquished Creatures
  Fannar (D:10)
  A hydra (D:10)
  A two-headed ogre (D:9)
  Maggie (D:7)
  A queen bee (D:8)
  2 vampires
  12 yaks
  2 wyverns
  3 vampire mosquitoes (D:9)
  An acid dragon (D:9)
  2 water moccasins
  2 orc warriors
  2 ice beasts
  A sky beast (D:6)
  A black bear (D:6)
  An ogre (D:5)
  4 kobold brigands
  2 gnoll sergeants
  2 necrophages
  3 bullfrogs
  2 elf skeletons (D:8)
  5 scorpions
  4 wights (D:7)
  16 killer bees
  2 howler monkeys
  A hound (D:6)
  2 jellies
  3 orc priests
  2 human skeletons (D:8)
  A human zombie (D:8)
  6 iguanas
  11 orc wizards
  A small abomination (Abyss:1)
  8 mummies (Ossuary)
  8 gnolls
  5 adders
  A shadow imp (D:6)
  3 white imps (D:7)
  2 ufetubi
  2 worms (D:2)
  2 dart slugs (D:3)
  43 orcs
  7 ball pythons
  9 endoplasms
  A giant cockroach (D:1)
  2 gnoll zombies (Ossuary)
  7 goblins
  9 hobgoblins
  3 jackals (D:1)
  3 quokkas
  7 bats
  2 frilled lizards (D:2)
  3 hobgoblin zombies (Ossuary)
  24 kobolds
  A kobold zombie (Ossuary)
  3 orc zombies
  4 rats
260 creatures vanquished.

Vanquished Creatures (others)
  6 plants (D:8)
6 creatures vanquished.

Grand Total: 266 creatures vanquished

Notes
Turn   | Place    | Note
-------+----------+-------------------------------------------
     0 | D:1      | drugrobin the Demigod Fighter began the quest for the Orb.
     0 | D:1      | Reached XP level 1. HP: 18/18 MP: 3/3
     4 | D:1      | Noticed an anaconda
    87 | D:1      | Noticed a four-headed hydra
   168 | D:1      | Reached skill level 2 in Axes
   404 | D:1      | Reached XP level 2. HP: 25/25 MP: 4/4
   844 | D:2      | Reached skill level 3 in Axes
  1282 | D:2      | Reached XP level 3. HP: 26/30 MP: 5/5
  2311 | D:3      | Reached skill level 4 in Axes
  3096 | D:4      | Noticed a necrophage
  3107 | D:4      | Killed a necrophage
  3108 | D:4      | Reached XP level 4. HP: 37/37 MP: 6/6
  3283 | D:4      | Reached skill level 5 in Axes
  3467 | D:5      | Entered Level 5 of the Dungeon
  3485 | D:4      | Noticed a water moccasin
  3501 | D:4      | Killed a water moccasin
  3502 | D:4      | Reached XP level 5. HP: 13/42 MP: 7/7
  4203 | D:4      | Reached skill level 6 in Axes
  4203 | D:4      | Reached XP level 6. HP: 37/50 MP: 8/8
  4609 | D:4      | Identified the +0 pair of gloves "Kyitotuf" {rPois rN++
                  | Regen+ Int+4}
  4805 | D:5      | Reached skill level 7 in Axes
  4924 | D:5      | Reached XP level 7. HP: 34/56 MP: 9/9
  5817 | D:6      | Reached skill level 8 in Axes
  5830 | D:6      | Identified the +1 leather armour of the Vaults {rC+ Will+
                  | Int+4}
  5836 | D:6      | Reached XP level 8. HP: 62/66 MP: 10/10
  6064 | D:6      | Reached skill level 5 in Fighting
  6064 | D:6      | Reached skill level 5 in Armour
  6776 | D:7      | Reached skill level 9 in Axes
  6831 | D:7      | Noticed a hornet
  6861 | D:7      | Noticed Maggie
  6883 | D:7      | Killed Maggie
  6884 | D:7      | Reached XP level 9. HP: 49/75 MP: 11/11
  7316 | D:7      | Found a staircase to the Ecumenical Temple.
  7595 | D:8      | Found a staircase to the Lair.
  7698 | D:8      | Identified the +10 bardiche "Oklue" {vorpal, rPois}
  7763 | D:8      | Reached skill level 10 in Axes
  7967 | D:8      | Found a sand-covered staircase.
  7975 | Ossuary  | Entered an ossuary
  8258 | D:8      | Reached XP level 10. HP: 86/86 MP: 13/13
  9651 | D:9      | Noticed a two-headed ogre
  9661 | D:9      | Killed a two-headed ogre
  9913 | D:10     | Entered Level 10 of the Dungeon
  9913 | D:10     | Noticed a seven-headed hydra
  9921 | D:10     | Killed a five-headed hydra
  9922 | D:10     | Reached skill level 11 in Axes
 10110 | D:10     | Noticed Fannar
 10168 | D:10     | Killed Fannar
 10302 | D:10     | Reached XP level 11. HP: 56/95 MP: 14/14
 10366 | D:10     | Noticed Psyche
 10369 | D:10     | Cast into level 1 of the Abyss (Psyche)
 10499 | Abyss:2  | Paralysed by an apocalypse crab for 2 turns
 10501 | Abyss:2  | HP: 4/95 [apocalypse crab (1)]
 10501 | Abyss:2  | Mangled by an apocalypse crab

Illustrated notes

Levels and vault maps discovered:
D:1:      sevenhm_arrival_forest_fort_small_2, layout_basic,
          hellmonk_ecumenical_altar_blasted
D:2:      layout_loops_ring
D:3:      layout_basic, serial_rivers, chequers_serial_rivers_large_b,
          chequers_serial_rivers_micro_d, chequers_serial_rivers_marsh,
          chequers_serial_rivers_micro_c, chequers_serial_rivers_room_a,
          grunt_ministairs_2, minmay_misc_feat_secret_circle, st_stairs_1
D:4:      layout_basic, chequers_serial_rivers_micro_a, grunt_decor_arrowhead
D:5:      layout_basic, nicolae_elevator_lobby_plus
D:6:      layout_rooms
D:7:      layout_gridville, minmay_temple_entry_poolview, uniq_maggie
D:8:      layout_loops_corners, lair_entry_dummy,
          nicolae_ossuary_entry_catacombs, nicolae_looking_at_the_future
D:9:      layout_grid_maze, lemuel_coloured_pillars_altar,
          nicolae_zen_rock_garden
D:10:     layout_long_grid, kennysheep_orc_monster_closet_entryway,
          serial_shops, shop, chequers_decorated_corner, minmay_quadrilaterals,
          uniq_fannar, uniq_psyche
Abyss:2:  base:
D:8

Skill      XL: |  1  2  3  4  5  6  7  8  9 10 |
---------------+-------------------------------+-----
Axes           | 2 3 4 5 6 7 8 9 10 11 | 11.2
Fighting       | 4 5 7 8 |  8.8
Armour         | 4 5 7 8 |  8.8
Shields        | |  2.6

Action                   |  1- 3 |  4- 6 |  7- 9 | 10-12 || total
-------------------------+-------+-------+-------+-------++-------
Melee: War axe           |   131 |    74 |     7 |       ||   212
       Hand axe          |    11 |    62 |   251 |       ||   324
       Staff             |    18 |       |       |       ||    18
       Dagger            |       |       |     3 |       ||     3
       Broad axe         |       |       |   127 |   181 ||   308
Throw: Boomerang         |     5 |     5 |     5 |     4 ||    19
       Dart              |       |    11 |     5 |     9 ||    25
Evoke: Wand              |       |       |       |     2 ||     2
  Use: Scroll            |       |       |     7 |       ||     7
       Potion            |       |       |     1 |       ||     1
Armor: Scale mail        |    99 |    38 |       |       ||   137
       Chain mail        |       |     5 |    59 |       ||    64
       Plate armour      |       |       |   140 |   194 ||   334
       Swamp dragon scal |       |       |    25 |       ||    25
Dodge: Dodged            |    78 |    52 |   118 |    87 ||   335
Block: Buckler           |    45 |    25 |    73 |    35 ||   178

Table legend: (Time is in decaauts)
 A = Elapsed time spent in this place.
 B = Non-inter-level travel time spent in this place.
 C = Inter-level travel time spent in this place.
 D = Time resting spent in this place.
 E = Time spent auto-exploring this place.
 F = Levels seen in this place.
 G = Mean time per level.
                   A        B        C        D        E       F      G
               +--------+--------+--------+--------+--------+-----+--------+
         Total |  10661 |  10085 |    576 |   1287 |   5950 |  13 |  820.1 |
       Dungeon |  10279 |   9703 |    576 |   1287 |   5849 |  10 | 1027.9 |
         Abyss |    133 |    133 |      0 |      0 |      0 |   2 |   66.5 |
       Ossuary |    249 |    249 |      0 |      0 |    101 |   1 |  249.0 |
               +--------+--------+--------+--------+--------+-----+--------+

Top non-repeatable levels by time:
     D:4: 1634 daAuts
     D:3: 1247 daAuts
     D:9: 1156 daAuts
     D:8: 1109 daAuts
     D:1: 1075 daAuts
     D:5: 979 daAuts
     D:2: 971 daAuts
     D:7: 939 daAuts
     D:6: 702 daAuts
    D:10: 464 daAuts
 Ossuary: 249 daAuts
 Abyss:1: 77 daAuts
 Abyss:2: 55 daAuts
